[ AOE2 MATCH · #508405949 ]
UnrankedGoths vs Vietnamese
Player's team · WIN
Rival team · LOSS
[ REPLAY ANALYSIS · EXTRACTED FROM THE RECORDED GAME ]
Feudal
9:18
Castle
21:54
Imperial
—
| APM avg | 58.0 |
| APM peak | 117 |
| eAPM avg | 25.0 |
| Villagers / military | 55 / 30 |
Focus
⚔️ 29.1% · 🌾 70.9%
Huskarl ×12 · Spearman ×7 · Battering Ram ×7 · Militia ×3 · Mangonel ×1
Feudal
11:29
Castle
15:31
Imperial
—
| APM avg | 33.9 |
| APM peak | 77 |
| eAPM avg | 16.8 |
| Villagers / military | 75 / 4 |
Focus
⚔️ 24.0% · 🌾 76.0%
Mangonel ×3 · Scorpion ×1
Match map
Initial resources + every placement click. Lines = walls · curves = elevation contours. ◆ gold · ⬟ stone · ● berries · ✦ relic · ◌ wall gap
Your base· ✓ Closed at 21:54 · 0t walls · 4 gate(s)
Arthemis's base· ✓ Closed at 15:31 · 14t walls · 3 gate(s)
Smoothed initial terrain · ◌ = detected wall gap · hover for details
Inputs per minute
— Eren - - Arthemis
Build order — Eren
143 actions detected in the replay
| 0:00 | Research | Loom |
| 0:01 | Queue | Villager (Male) |
| 0:01 | Queue | Villager (Male) |
| 0:01 | Queue | Villager (Male) |
| 0:02 | Queue | Villager (Male) |
| 0:02 | Build | House |
| 0:04 | Build | House |
| 1:07 | Queue | Villager (Male) |
| 2:00 | Queue | Villager (Male) |
| 2:00 | Queue | Villager (Male) |
| 2:04 | Build | Lumber Camp |
| 2:25 | Queue | Villager (Male) |
| 2:25 | Queue | Villager (Male) |
| 3:12 | Queue | Villager (Male) |
| 3:38 | Queue | Villager (Male) |
| 3:49 | Build | House |
| 3:52 | Build | House |
| 4:00 | Queue | Villager (Male) |
| 4:00 | Queue | Villager (Male) |
| 4:53 | Queue | Villager (Male) |
| 4:54 | Queue | Villager (Male) |
| 5:07 | Queue | Villager (Male) |
| 5:32 | Build | Barracks |
| 5:50 | Queue | Villager (Male) |
| 5:51 | Queue | Villager (Male) |
| 6:57 | Build | Mining Camp |
| 7:08 | Research | Feudal Age |
| 7:22 | Build | House |
| 7:25 | Queue | Militia |
| 7:25 | Queue | Militia |
| 7:26 | Queue | Militia |
| 8:30 | Queue | Villager (Male) |
| 8:35 | Build | Mining Camp |
| 8:53 | Build | House |
| 9:18 | Age | Feudal Age |
| 9:23 | Build | Watch Tower |
| 9:29 | Queue | Villager (Male) |
| 9:33 | Research | Double-Bit Axe |
| 10:02 | Research | Man-at-Arms (upgrade) |
| 10:05 | Build | Mill |
| 10:12 | Build | Outpost |
| 10:36 | Queue | Villager (Male) |
| 10:55 | Build | Blacksmith |
| 11:01 | Queue | Villager (Male) |
| 11:37 | Queue | Villager (Male) |
| 11:40 | Build | House |
| 11:53 | Build | Watch Tower |
| 12:08 | Queue | Villager (Male) |
| 12:22 | Build | Farm |
| 12:23 | Build | Farm |
| 12:24 | Build | Farm |
| 12:25 | Build | Farm |
| 12:29 | Queue | Villager (Male) |
| 12:53 | Build | Farm |
| 12:57 | Queue | Villager (Male) |
| 13:21 | Queue | Villager (Male) |
| 13:44 | Queue | Villager (Male) |
| 14:06 | Queue | Villager (Male) |
| 14:09 | Build | Farm |
| 14:10 | Build | Farm |
| 14:11 | Build | Farm |
| 14:13 | Build | Farm |
| 14:38 | Queue | Villager (Male) |
| 14:42 | Research | Fletching |
| 14:59 | Queue | Villager (Male) |
| 15:06 | Build | Farm |
| 15:12 | Build | House |
| 15:12 | Build | House |
| 15:14 | Queue | Villager (Male) |
| 15:30 | Queue | Villager (Male) |
| 16:01 | Queue | Villager (Male) |
| 16:04 | Build | House |
| 16:09 | Build | Market |
| 16:20 | Queue | Villager (Male) |
| 16:42 | Queue | Villager (Male) |
| 16:49 | Build | Farm |
| 16:50 | Build | Farm |
| 16:57 | Queue | Villager (Male) |
| 17:12 | Queue | Villager (Male) |
| 17:39 | Queue | Villager (Male) |
| 17:52 | Queue | Villager (Male) |
| 17:58 | Build | Farm |
| 17:59 | Build | Farm |
| 18:29 | Build | Watch Tower |
| 18:54 | Research | Castle Age |
| 19:27 | Build | Watch Tower |
| 19:37 | Queue | Villager (Male) |
| 20:14 | Build | Barracks |
| 20:16 | Build | Barracks |
| 20:27 | Research | Scale Mail Armor |
| 20:36 | Queue | Spearman |
| 20:36 | Queue | Spearman |
| 20:37 | Queue | Spearman |
| 20:51 | Research | Horse Collar |
| 20:52 | Build | Farm |
| 21:23 | Queue | Villager (Male) |
| 21:54 | Age | Castle Age |
| 21:59 | Queue | Villager (Male) |
| 22:26 | Research | Squires |
| 22:30 | Queue | Villager (Male) |
| 22:41 | Build | Lumber Camp |
| 22:50 | Build | Castle |
| 22:59 | Queue | Villager (Male) |
| 23:23 | Queue | Spearman |
| 23:23 | Queue | Spearman |
| 23:43 | Queue | Villager (Male) |
| 23:50 | Build | Siege Workshop |
| 24:04 | Queue | Villager (Male) |
| 24:32 | Queue | Villager (Male) |
| 24:43 | Queue | Mangonel |
| 24:50 | Build | Mining Camp |
| 24:55 | Queue | Villager (Male) |
| 25:13 | Queue | Villager (Male) |
| 25:16 | Research | Wheelbarrow |
| 25:17 | Research | Town Watch |
| 25:22 | Queue | Huskarl |
| 25:22 | Queue | Huskarl |
| 25:22 | Queue | Huskarl |
| 25:39 | Queue | Battering Ram |
| 25:39 | Queue | Battering Ram |
| 26:04 | Queue | Huskarl |
| 26:05 | Queue | Huskarl |
| 26:16 | Queue | Battering Ram |
| 26:16 | Queue | Battering Ram |
| 26:18 | Queue | Villager (Male) |
| 26:33 | Queue | Huskarl |
| 26:33 | Queue | Huskarl |
| 26:42 | Queue | Villager (Male) |
| 26:48 | Queue | Battering Ram |
| 26:53 | Queue | Spearman |
| 26:53 | Queue | Spearman |
| 26:56 | Queue | Huskarl |
| 26:57 | Queue | Huskarl |
| 27:04 | Build | Farm |
| 27:18 | Queue | Villager (Male) |
| 27:42 | Queue | Villager (Male) |
| 27:47 | Queue | Huskarl |
| 27:51 | Queue | Battering Ram |
| 28:05 | Queue | Villager (Male) |
| 28:14 | Queue | Battering Ram |
| 28:28 | Queue | Huskarl |
| 28:28 | Queue | Huskarl |
| 28:35 | Build | Castle |
Build order — Arthemis
First 150 of 191 actions detected
| 0:01 | Queue | Villager (Male) |
| 0:01 | Queue | Villager (Male) |
| 0:03 | Build | House |
| 0:05 | Build | House |
| 0:18 | Queue | Villager (Male) |
| 0:18 | Queue | Villager (Male) |
| 1:35 | Queue | Villager (Male) |
| 2:01 | Build | Lumber Camp |
| 2:08 | Queue | Villager (Male) |
| 2:10 | Queue | Villager (Male) |
| 2:51 | Queue | Villager (Male) |
| 3:25 | Queue | Villager (Male) |
| 3:25 | Queue | Villager (Male) |
| 3:46 | Build | Mill |
| 3:57 | Build | House |
| 4:09 | Queue | Villager (Male) |
| 4:28 | Build | House |
| 4:29 | Build | House |
| 4:37 | Queue | Villager (Male) |
| 4:38 | Queue | Villager (Male) |
| 5:32 | Queue | Villager (Male) |
| 5:32 | Queue | Villager (Male) |
| 5:33 | Queue | Villager (Male) |
| 6:26 | Queue | Villager (Male) |
| 6:26 | Queue | Villager (Male) |
| 6:29 | Queue | Villager (Male) |
| 7:11 | Build | Farm |
| 7:12 | Build | Farm |
| 7:40 | Queue | Villager (Male) |
| 7:41 | Queue | Villager (Male) |
| 8:52 | Research | Feudal Age |
| 8:54 | Research | Loom |
| 8:55 | Research | Feudal Age |
| 9:07 | Build | Mining Camp |
| 9:47 | Queue | Villager (Male) |
| 9:48 | Queue | Villager (Male) |
| 10:10 | Build | Palisade Wall |
| 10:29 | Build | Palisade Wall |
| 10:31 | Build | Palisade Wall |
| 10:32 | Build | Palisade Wall |
| 11:03 | Build | House |
| 11:03 | Build | House |
| 11:12 | Build | Palisade Wall |
| 11:13 | Build | Palisade Wall |
| 11:16 | Build | Palisade Wall |
| 11:17 | Build | Palisade Wall |
| 11:29 | Age | Feudal Age |
| 11:46 | Build | Watch Tower |
| 11:54 | Build | Market |
| 11:58 | Build | Blacksmith |
| 12:23 | Queue | Villager (Male) |
| 12:51 | Research | Castle Age |
| 13:01 | Build | House |
| 13:03 | Build | House |
| 13:13 | Research | Horse Collar |
| 13:18 | Build | Farm |
| 13:45 | Queue | Villager (Male) |
| 13:47 | Build | Farm |
| 13:49 | Build | Farm |
| 13:54 | Build | Farm |
| 14:17 | Build | Farm |
| 15:23 | Research | Fletching |
| 15:31 | Age | Castle Age |
| 15:31 | Build | Farm |
| 15:43 | Build | Siege Workshop |
| 15:50 | Queue | Villager (Male) |
| 16:08 | Build | Farm |
| 16:28 | Queue | Villager (Male) |
| 16:34 | Queue | Scorpion |
| 16:39 | Build | Farm |
| 16:43 | Queue | Villager (Male) |
| 17:25 | Queue | Villager (Male) |
| 17:26 | Queue | Villager (Male) |
| 17:46 | Build | Mining Camp |
| 18:18 | Queue | Villager (Male) |
| 18:27 | Build | Palisade Wall |
| 18:30 | Build | Palisade Wall |
| 18:31 | Build | Palisade Wall |
| 18:32 | Build | Palisade Wall |
| 18:33 | Build | Palisade Wall |
| 18:37 | Queue | Villager (Male) |
| 18:39 | Queue | Mangonel |
| 18:50 | Build | Farm |
| 18:59 | Build | Palisade Wall |
| 19:00 | Build | Palisade Wall |
| 19:04 | Build | Palisade Wall |
| 19:10 | Queue | Villager (Male) |
| 19:11 | Queue | Villager (Male) |
| 19:48 | Queue | Mangonel |
| 20:03 | Queue | Villager (Male) |
| 20:03 | Queue | Villager (Male) |
| 20:08 | Build | Farm |
| 20:53 | Queue | Villager (Male) |
| 21:20 | Queue | Villager (Male) |
| 21:20 | Queue | Villager (Male) |
| 21:29 | Build | Town Center |
| 22:00 | Queue | Villager (Male) |
| 22:02 | Research | Double-Bit Axe |
| 22:12 | Build | Palisade Wall |
| 22:25 | Queue | Villager (Male) |
| 22:44 | Build | Palisade Wall |
| 22:46 | Build | Palisade Wall |
| 22:46 | Build | Palisade Wall |
| 22:50 | Queue | Villager (Male) |
| 22:51 | Queue | Villager (Male) |
| 22:58 | Build | Town Center |
| 23:03 | Research | Bow Saw |
| 23:08 | Build | Lumber Camp |
| 23:09 | Queue | Villager (Male) |
| 23:10 | Queue | Villager (Male) |
| 23:28 | Queue | Villager (Male) |
| 23:29 | Queue | Villager (Male) |
| 23:32 | Build | Farm |
| 23:40 | Build | Farm |
| 23:48 | Build | Farm |
| 23:49 | Build | Farm |
| 23:56 | Build | House |
| 23:57 | Build | House |
| 23:58 | Build | House |
| 24:00 | Build | House |
| 24:05 | Research | Wheelbarrow |
| 24:06 | Queue | Villager (Male) |
| 24:20 | Build | Outpost |
| 24:23 | Build | Outpost |
| 24:25 | Build | Outpost |
| 24:29 | Build | Outpost |
| 24:30 | Queue | Villager (Male) |
| 24:31 | Queue | Villager (Male) |
| 24:55 | Queue | Villager (Male) |
| 24:55 | Queue | Villager (Male) |
| 24:56 | Queue | Villager (Male) |
| 24:56 | Queue | Villager (Male) |
| 25:02 | Build | Farm |
| 25:02 | Build | Farm |
| 25:03 | Build | Farm |
| 25:03 | Build | Farm |
| 25:09 | Build | Farm |
| 25:09 | Build | Farm |
| 25:10 | Build | Farm |
| 25:10 | Build | Farm |
| 25:10 | Build | Farm |
| 25:14 | Queue | Villager (Male) |
| 25:24 | Research | Town Watch |
| 25:25 | Queue | Villager (Male) |
| 25:41 | Build | Palisade Gate |
| 26:08 | Queue | Villager (Male) |
| 26:09 | Queue | Villager (Male) |
| 26:09 | Queue | Villager (Male) |
| 26:09 | Queue | Villager (Male) |
| 26:10 | Queue | Villager (Male) |
Match timeline
| 5:32 | Eren · first_building Barracks |
| 9:18 | Eren · age_up feudal |
| 10:10 | Arthemis · wall_segment Palisade Wall x4 |
| 10:29 | Arthemis · wall_segment Palisade Wall x2 |
| 10:31 | Arthemis · wall_segment Palisade Wall x3 |
| 10:32 | Arthemis · wall_segment Palisade Wall x1 |
| 11:12 | Arthemis · wall_segment Palisade Wall x1 |
| 11:13 | Arthemis · wall_segment Palisade Wall x1 |
| 11:16 | Arthemis · wall_segment Palisade Wall x1 |
| 11:17 | Arthemis · wall_segment Palisade Wall x1 |
| 11:29 | Arthemis · age_up feudal |
| 12:50 | Arthemis · first_market_sell 100 stone |
| 15:31 | Arthemis · age_up castle |
| 15:43 | Arthemis · first_building Siege Workshop |
| 18:27 | Arthemis · wall_segment Palisade Wall x1 |
| 18:30 | Arthemis · wall_segment Palisade Wall x1 |
| 18:31 | Arthemis · wall_segment Palisade Wall x1 |
| 18:32 | Arthemis · wall_segment Palisade Wall x1 |
| 18:33 | Arthemis · wall_segment Palisade Wall x1 |
| 18:37 | Eren · first_market_sell 100 wood |
| 18:59 | Arthemis · wall_segment Palisade Wall x1 |
| 19:00 | Arthemis · wall_segment Palisade Wall x1 |
| 19:04 | Arthemis · wall_segment Palisade Wall x1 |
| 20:59 | Arthemis · first_market_buy 100 stone |
| 21:54 | Eren · age_up castle |
| 22:03 | Eren · first_market_buy 100 stone |
| 22:12 | Arthemis · wall_segment Palisade Wall x4 |
| 22:44 | Arthemis · wall_segment Palisade Wall x1 |
| 22:46 | Arthemis · wall_segment Palisade Wall x1 |
| 22:46 | Arthemis · wall_segment Palisade Wall x1 |
| 22:50 | Eren · first_building Castle |
| 23:50 | Eren · first_building Siege Workshop |
| 27:12 | Arthemis · first_building Barracks |
| 27:26 | Arthemis · first_building Monastery |
| 27:56 | Arthemis · wall_segment Stone Wall x7 |
| 27:59 | Arthemis · wall_segment Stone Wall x11 |
| 28:20 | Arthemis · first_building Archery Range |
| 28:46 | Arthemis · resign |
[ AI ANALYSIS · 1 CREDIT ]
What really happened in this match?
Wolo.gg analyzes every decision: build order, eco, micro, common mistakes by bracket. Personalized analysis on WhatsApp or Discord in 30 seconds.
Civ guide
Goths
Perfil
Jugador #23039326